 Dungeon Crawl Stone Soup version 0.16.1-4-g8e1b745 (console) character file.

233 Monkaria the Slasher (level 5, -2/72 HPs)
             Began as a Minotaur Fighter on Mar 27, 2015.
             Killed by divine providence
             ... invoked by an orc priest
              (16 damage)
             ... on level 4 of the Dungeon.
             The game lasted 00:04:39 (2094 turns).

Monkaria the Slasher (Minotaur Fighter)             Turns: 2094, Time: 00:04:39

Health: -2/72      AC: 22    Str: 21    XL:     5   Next: 74%
Magic:  2/2        EV:  2    Int:  5    God:
Gold:   199        SH:  9    Dex: 12    Spells: 0 memorised, 4 levels left

rFire  . . .     SeeInvis .     a - +0 long sword
rCold  . . .     Clarity  .     b - melded +0 scale mail
rNeg   + + +     SustAb   .     c - +0 shield
rPois  +         Gourm    .     (helmet currently unavailable)
rElec  .         Spirit   .     (cloak currently unavailable)
rCorr  .         Warding  .     (gloves currently unavailable)
rMut   .         NoTele   +     r - melded +0 pair of boots
MR     .....                    (no amulet)
Stlth  ++........               (no ring)
                                (no ring)

@: tree-form, very slightly contaminated, invisible, not resistant to hostile
enchantments, unstealthy
A: (retaliatory headbutt), (horns 0), (talons 0), (iridescent scales 0), thin
skeletal structure 1
a: no special abilities


You were on level 4 of the Dungeon.
You were very hungry.
You were a tree.
You visited 1 branch of the dungeon, and saw 4 of its levels.

You collected 199 gold pieces.

Inventory:

Hand weapons
 a - a +0 long sword (weapon)
 s - a +0 blowgun
Missiles
 t - 19 poisoned needles
Armour
 b - a +0 scale mail (melded)
 c - a +0 shield (worn)
 r - a +0 pair of boots (melded)
Magical devices
 u - a wand of cold (10)
Scrolls
 f - 2 scrolls of enchant weapon {unknown}
 h - 5 scrolls of identify {unknown}
 m - a scroll of fog {unknown}
 o - 2 scrolls of remove curse {unknown}
 p - 2 scrolls of random uselessness {unknown}
 w - a scroll of teleportation {unknown}
Potions
 e - a potion of might
 l - a potion of restore abilities
 n - 2 potions of curing
Comestibles
 d - 3 bread rations
 v - a royal jelly


   Skills:
 + Level 5.5 Fighting
 * Level 6.0 Long Blades
 - Level 3.6 Armour
 - Level 3.6 Shields


You had 4 spell levels left.
You didn't know any spells.

Dungeon Overview and Level Annotations

Branches:
Dungeon (4/15)
 Temple: D:4-7

Altars:
Cheibriados


Innate Abilities, Weirdness & Mutations

((You reflexively headbutt those who attack you in melee.))
((You have a pair of horns on your head.))
((You have sharp toenails.))
((You are partially covered in iridescent scales (AC +4).))
You have a somewhat thin skeletal structure (Dex +2, Stealth).


Message History

You fade into invisibility!
You block the orc priest's attack.
The orc priest hits you but does no damage.
You block the orc's attack. The orc hits you but does no damage.
You are very lightly contaminated with residual magic.
Drink which item? (? for menu, Esc to quit)
It was a potion of restore abilities.
You feel refreshed.
The orc priest hits you but does no damage. x2
Drink which item? (? for menu, Esc to quit)
You can't drink that!
Drink which item? (? for menu, Esc to quit)
It was a potion of curing.
You feel better. The orc hits you but does no damage.
You block the orc's attack. You block the orc priest's attack. x2
Drink which item? (? for menu, Esc to quit)
It was a potion of magic.
Magic courses through your body. The orc hits you but does no damage. x2
The orc priest calls down the wrath of Beogh upon you.
Something smites you!
You die...

#.....##..#........#..
#.........#........'..
#.........+........#..
#.........#.......<#..
#.........#......).#..
#.........#........+..
#.........#........#..
#.....##..#........#..
#....♣# #'#........#..
#...ooo# .'........##
#...o..+ .#........+
#......# .#. ....#
#.....## #.....#
#.....# .....' ..#


You could see 2 orc priests and 2 orcs.

Vanquished Creatures
  An orc priest (D:3)
  7 adders
  A giant mite (D:3)
  5 worms
  An adder skeleton (D:4)
  5 giant geckos
  An ooze (D:4)
  10 orcs (D:3)
  3 giant cockroaches
  8 goblins
  2 hobgoblins
  6 jackals (D:3)
  12 kobolds
  2 quokkas (D:3)
  4 ball pythons
  11 bats
  4 giant newts
  7 rats
90 creatures vanquished.

Notes
Turn   | Place    | Note
--------------------------------------------------------------
     0 | D:1      | Monkaria, the Minotaur Fighter, began the quest for the Orb.
     0 | D:1      | Reached XP level 1. HP: 19/19 MP: 1/1
   112 | D:1      | Reached skill level 4 in Fighting
   133 | D:1      | Reached XP level 2. HP: 27/27 MP: 1/1
   625 | D:2      | Reached XP level 3. HP: 26/33 MP: 2/2
   653 | D:2      | Found a snail-covered altar of Cheibriados.
   874 | D:2      | Reached XP level 4. HP: 20/41 MP: 2/2
  1285 | D:3      | Reached skill level 5 in Long Blades
  1334 | D:3      | Reached skill level 5 in Fighting
  1483 | D:3      | Reached XP level 5. HP: 48/48 MP: 2/2
  2002 | D:4      | Reached skill level 6 in Long Blades
  2088 | D:4      | Gained mutation: You have sharp toenails. [potion of mutation]
  2088 | D:4      | Gained mutation: You are partially covered in iridescent scales (AC +4). [potion of mutation]
  2088 | D:4      | Gained mutation: You have a somewhat thin skeletal structure (Dex +2, Stealth). [potion of mutation]
  2094 | D:4      | Killed from afar by an orc priest

Action                   |  1- 3 |  4- 6 || total
-------------------------+-------+-------++-------
Melee: Long sword        |   105 |   154 ||   259
  Use: Potion            |       |     7 ||     7
  Eat: Chunk             |       |     3 ||     3
